 Dungeon Crawl Stone Soup version 0.22-a0-322-g60b3cfd (webtiles) character file.

222 xccam the Chopper (level 6, -8/47 HPs)
             Began as a Formicid Fighter on Apr 2, 2018.
             Killed by divine providence
             ... invoked by an orc priest
              (14 damage)
             ... on level 3 of the Dungeon.
             The game lasted 00:02:22 (1811 turns).

xccam the Chopper (Formicid Fighter)                Turns: 1811, Time: 00:02:23

Health: -8/47      AC:  6    Str: 22    XL:     6   Next: 19%
Magic:  6/6        EV:  8    Int: 13    God:
Gold:   110        SH:  9    Dex: 10    Spells: 5/5 levels left

rFire    . . .     SeeInvis +   a - +0 war axe
rCold    + . .     Gourm    .   c - +0 shield
rNeg     . . .     Faith    .   b - +0 scale mail
rPois    .         Spirit   .   (helmet unavailable)
rElec    .         Reflect  .   (no cloak)
rCorr    .         Harm     .   (no gloves)
MR       .....                  (no boots)
Stlth    ..........             (no amulet)
HPRegen  0.15/turn              h - ring of protection from cold
MPRegen  0.10/turn              (no ring)

@: brilliant
A: permanent stasis, dig shafts and tunnels, four strong arms, antennae 3
a: Dig, Shaft Self


You were on level 3 of the Dungeon.
You were very hungry.

You visited 1 branch of the dungeon, and saw 3 of its levels.

You collected 110 gold pieces.

Inventory:

Hand Weapons
 a - a +0 war axe (weapon)
Armour
 b - a +0 scale mail (worn)
 c - a +0 shield (worn)
Jewellery
 h - a ring of protection from cold (left hand)
 n - an uncursed ring of fire {unknown}
Scrolls
 e - a scroll of amnesia {unknown}
 i - 2 scrolls of remove curse {unknown}
 j - 3 scrolls of identify {unknown}
 k - a scroll of teleportation {unknown}
 l - a scroll of random uselessness {unknown}
 m - a scroll of magic mapping {unknown}
Potions
 d - 2 potions of might
Comestibles
 f - 7 rations


   Skills:
 - Level 3.2 Fighting
 + Level 6.0 Axes
 - Level 3.2 Armour
 - Level 3.6 Shields


You had 5 spell levels left.
You didn't know any spells.

Dungeon Overview and Level Annotations

Branches:
Dungeon (3/15)

Altars:


Innate Abilities, Weirdness & Mutations

You cannot be hasted, slowed, berserked, paralysed or teleported.
You can dig through walls and to a lower floor.
Your four strong arms can wield two-handed weapons with a shield.
You have a pair of large antennae on your head. (SInv)


Message History

Unknown command.
You slash the orc!
You kill the orc!
You hit the orc. You block the orc priest's attack.
The orc hits you but does no damage.
You barely miss the orc.
The orc is lightly wounded.
The orc priest mumbles some strange prayers to Beogh against you.
Pain shoots through your body!
* * * LOW HITPOINT WARNING * * *
You block the orc's attack.
The orc priest hits you from afar with a trident.
* * * LOW HITPOINT WARNING * * *
It was a potion of brilliance.
You feel clever all of a sudden. The orc closely misses you.
You closely miss the orc.
The orc priest mumbles some strange prayers to Beogh against you.
Beogh smites you!
You die...

.. ..# .... .?#
....... #.. ........
+#.# #......#.. #.#o#
#......#...
#.#)##..............
.#.o@...$...........
#.#................
#................
#.#..$..........# .
..#+.......#..#.##...
#..
#......>.......... +.
{+###......<....... #
#.....#........
#.....#........


You could see an orc priest and an orc.

Vanquished Creatures
  A howler monkey (D:2)
  Natasha (thrice) (D:2)
  Robin (D:2)
  4 adders
  A worm (D:2)
  A dart slug (D:2)
  2 leopard geckos (D:1)
  2 orcs (D:3)
  2 ball pythons
  4 giant cockroaches
  12 goblins
  6 hobgoblins
  3 jackals (D:2)
  2 kobolds
  A bat (D:1)
  2 frilled lizards
  6 rats
53 creatures vanquished.

Notes
Turn   | Place    | Note
-------+----------+-------------------------------------------
     0 | D:1      | xccam the Formicid Fighter began the quest for the Orb.
     0 | D:1      | Reached XP level 1. HP: 18/18 MP: 1/1
   274 | D:1      | Reached XP level 2. HP: 24/24 MP: 2/2
   321 | D:1      | Reached skill level 3 in Axes
   640 | D:1      | Reached XP level 3. HP: 28/29 MP: 3/3
   849 | D:2      | Noticed Robin
   866 | D:2      | Killed Robin
   866 | D:2      | Reached skill level 4 in Axes
   866 | D:2      | Reached XP level 4. HP: 11/35 MP: 4/4
  1219 | D:2      | Reached skill level 5 in Axes
  1219 | D:2      | Reached XP level 5. HP: 39/41 MP: 5/5
  1516 | D:2      | Noticed Natasha
  1528 | D:2      | Killed Natasha
  1718 | D:2      | Noticed Natasha
  1723 | D:2      | Killed Natasha
  1764 | D:2      | Noticed Natasha
  1775 | D:2      | Killed Natasha
  1775 | D:2      | Reached XP level 6. HP: 26/47 MP: 6/6
  1795 | D:3      | Reached skill level 6 in Axes
  1811 | D:3      | Killed from afar by an orc priest

Vault maps used:
D:1:      dpeg_arrival_chambers_temple_mockup
D:2:      uniq_natasha, uniq_robin
D:3:      first_ration

Skill      XL: |  1  2  3  4  5  6 |
---------------+-------------------+-----
Axes           | 3 4 5 6 |  6.0
Fighting       | |  3.2
Armour         | |  3.2
Shields        | |  3.6

Action                   |  1- 3 |  4- 6 || total
-------------------------+-------+-------++-------
Melee: War axe           |    81 |    86 ||   167
  Use: Potion            |     1 |     1 ||     2
  Eat: Chunk             |       |     2 ||     2
Armor: Scale mail        |    37 |    17 ||    54
Dodge: Dodged            |    21 |    18 ||    39
Block: Shield            |    43 |    45 ||    88

Table legend:
 A = Spawn XP
 B = Non-spawn XP
 C = Spawn XP percentage of total XP
 D = Spawn monster count
 E = Non-spawn monster count
 F = Spawn count percentage of total count
 G = Total turns spent on level
                    A         B        C        D         E        F      G
               +---------+---------+-------+---------+---------+-------+---------
         Total |       0 |     318 |   0.0 |       0 |      53 |   0.0 |  1811
               +---------+---------+-------+---------+---------+-------+---------
           D:1 |       0 |      29 |   0.0 |       0 |      16 |   0.0 |   711
           D:2 |       0 |     270 |   0.0 |       0 |      34 |   0.0 |  1078
           D:3 |       0 |      19 |   0.0 |       0 |       3 |   0.0 |    22
               +---------+---------+-------+---------+---------+-------+---------
